 Dungeon Crawl Stone Soup version 0.30-b1-2-g02819fbbbe (webtiles) character file.

Game seed: 15450116442863460564

13281 Dirian the Cleaver (level 11, -2/153 HPs)
             Began as a Minotaur Berserker on May 13, 2023.
             Was an Elder of Trog.
             Slain by a boulder beetle (22 damage)
             ... on level 14 of the Dungeon.
             The game lasted 00:13:39 (10865 turns).

Dirian the Cleaver (Minotaur Berserker)            Turns: 10865, Time: 00:13:40

Health: -2/153     AC:  5    Str: 27    XL:     11   Next: 73%
Magic:  10/10      EV: 10    Int:  4    God:    Trog [****..]
Gold:   409        SH:  0    Dex:  9    Spells: 10/10 levels left

rFire   . . .        a - +0 hand axe (venom)
rCold   + . .        (no shield)
rNeg    . . .        l - +3 chain mail {rC+}
rPois   +            (helmet restricted)
rElec   .            (no cloak)
rCorr   .            (no gloves)
SInv    .            B - +0 pair of boots
Will    ++...        (no amulet)
Stlth   x              - ring of poison resistance
HPRegen 1.45/turn    u - ring of flight
MPRegen 0.12/turn

%: no passive effects
@: berserking, strong-willed, corroded, flying, regenerating, studying Ranged
Weapons, very quick
A: horns 2, retaliatory headbutt
a: Renounce Religion, Berserk, Trog's Hand, Brothers in Arms


You were on level 14 of the Dungeon.
You worshipped Trog.
Trog was greatly pleased with you.
You visited 1 branch of the dungeon, and saw 13 of its levels.

You collected 659 gold pieces.
You spent 250 gold pieces at shops.

Inventory:

Hand Weapons
 a - a +0 hand axe of venom (weapon)
 y - a +0 war axe
Missiles
 F - a throwing net (quivered)
Armour
 l - a +3 chain mail of cold resistance (worn)
 B - a +0 pair of boots (worn)
Jewellery
 n - a ring of fire
 u - a ring of flight (right hand)
 x - a ring of poison resistance (left hand)
Wands
 f - a wand of light (4)
 j - a wand of paralysis (5)
 v - a wand of digging (7)
 E - a wand of flame (11)
Scrolls
 e - 2 scrolls of fear
 g - 3 scrolls of immolation
 m - 5 scrolls of enchant weapon
 o - 2 scrolls of vulnerability
 r - a scroll of identify
 s - a scroll of silence
 t - 6 scrolls of teleportation
 z - a scroll of blinking
 A - 2 scrolls of enchant armour
Potions
 b - a potion of invisibility
 c - a potion of cancellation
 d - 4 potions of might
 h - a potion of haste
 i - a potion of berserk rage
 k - a potion of magic
 p - 4 potions of attraction
 q - 6 potions of curing
 w - a potion of heal wounds
 C - a potion of flight
 D - 2 potions of lignification


   Skills:
 + Level 11.0 Fighting
 + Level 14.6 Axes
 + Level 14.3 Armour
 - Level 2.1 Dodging


You had 10 spell levels left.
You didn't know any spells.
Your spell library was empty.

Dungeon Overview and Level Annotations

Branches:
Dungeon (14/15) Zot: 26990  Temple (0/1) D:4            Lair (0/5) D:9
 Vaults (0/5) D:13
    Orc: D:9-12

Altars:
Ashenzari
Gozag
Hepliaklqana
Kikubaaqudgha
Makhleb
Ru
Trog
Wu Jian
Xom
Zin

Shops:
D:2 ***   D:8 *   D:10 *

Portals:
Ice
Cave: D:14

Annotations:
D:14 exclusion: 2 ice statues


Innate Abilities, Weirdness & Mutations

You have a pair of horns on your head.
You reflexively headbutt those who attack you in melee.


Message History

You closely miss the ufetubus. You slash the rust devil! You hit the ynoxinul.
The ynoxinul is poisoned.
You hit the ufetubus. You barely miss the ufetubus.
You kill the ufetubus!
The ufetubus disappears in a puff of smoke!
The ufetubus closely misses you. x2
The ufetubus hits you but does no damage.
The ufetubus barely misses you.
You completely miss the boulder beetle. You closely miss the rust devil.
You hit the ynoxinul. You barely miss the ufetubus. x2
The kobold demonologist miscasts a cantrip.
You hit the boulder beetle but do no damage.
Your headbutt misses the boulder beetle.
You hit the ynoxinul but do no damage. You barely miss the ufetubus.
You miss the ufetubus. You hit the rust devil. The ufetubus hits you.
The ufetubus hits you but does no damage. x3
The ynoxinul hits you but does no damage.
The rust devil hits you. The rust devil corrodes you!
The boulder beetle bites you!!
* * * LOW HITPOINT WARNING * * *
You hit the boulder beetle but do no damage.
You headbutt the boulder beetle, but do no damage.
You hit the ufetubus but do no damage.
The ufetubus is poisoned.
You hit the ufetubus.
The ufetubus is poisoned.
You hit the rust devil. You hit the ynoxinul.
You kill the ufetubus!
The ufetubus disappears in a puff of smoke!
The ufetubus closely misses you.
The ufetubus hits you but does no damage.
You hit the boulder beetle.
The boulder beetle is lightly wounded.
You slash the kobold demonologist!
The kobold demonologist looks as sick as possible!
You hit the ufetubus.
You kill the ufetubus!
The ufetubus disappears in a puff of smoke!
You hit the rust devil. You hit the ynoxinul.
You barely miss the kobold brigand. The ynoxinul hits you!
* * * LOW HITPOINT WARNING * * *
The rust devil closely misses you. The boulder beetle bites you!!
You die...

###+######
#........# #+#####
#........# .......
+.....K3K##.......
#......B@4........
#......K§#....^...
#.......K#^.......
#.3......##.......
#.####+### .......
#.K##..# .......
###KK...###
#####+#
##..K.YK...###
#......K.....#


You could see a boulder beetle, a rust devil (summoned, poisoned), 2 kobold
demonologists, a sixfirhy (summoned, wandering), a ynoxinul (summoned, very
poisoned), a kobold brigand and a kobold.

Vanquished Creatures
  Erolcha (D:9)
  A two-headed ogre (D:11)
  3 death yaks (D:9)
  A manticore (D:11)
  2 unseen horrors (D:10)
  A troll (D:11)
  Grinder (D:6)
  A hornet (D:10)
  Sigmund (D:4)
  A shadow (D:9)
  27 yaks
  A wyvern (D:10)
  4 steam dragons
  3 water moccasins
  3 orc warriors
  2 sky beasts (D:6)
  2 ice beasts
  A black bear (D:5)
  A phantom (D:6)
  An ogre (D:5)
  7 centaurs
  5 bullfrogs
  2 gnoll sergeants (D:11)
  7 scorpions
  5 wights (D:8)
  3 howler monkeys
  4 jellies
  9 orc priests
  2 hounds (D:5)
  2 sleepcaps
  5 orc wizards
  A hell rat (D:9)
  17 gnolls
  8 adders
  2 river rats (D:9)
  4 shadow imps
  3 ufetubi (D:5)
  A worm (D:2)
  A dart slug (D:2)
  21 orcs
  5 ball pythons
  4 bats
  11 endoplasms
  6 giant cockroaches
  6 goblins
  5 hobgoblins
  4 quokkas
  2 frilled lizards
  13 kobolds
  6 rats
229 creatures vanquished.

Vanquished Creatures (others)
  A sky beast (D:8)
  A kobold (D:14)
2 creatures vanquished.

Grand Total: 231 creatures vanquished

Notes
Turn   | Place    | Note
-------+----------+-------------------------------------------
     0 | D:1      | Dirian the Minotaur Berserker began the quest for the Orb.
     0 | D:1      | Reached XP level 1. HP: 19/19 MP: 0/0
   204 | D:1      | Reached XP level 2. HP: 27/27 MP: 1/1
   879 | D:2      | Reached XP level 3. HP: 34/34 MP: 2/2
   917 | D:2      | Found Hura's General Store.
   956 | D:2      | Reached ** piety under Trog
   959 | D:2      | Bought a scroll of enchant weapon for 82 gold pieces
  1112 | D:2      | Reached XP level 4. HP: 33/41 MP: 3/3
  1172 | D:2      | Reached skill level 5 in Axes
  1372 | D:2      | Found Lalel's General Store.
  1516 | D:2      | Found Ymmob's Assorted Antiques.
  1815 | D:3      | Noticed a scorpion
  1827 | D:3      | Killed a scorpion
  1828 | D:3      | Reached skill level 5 in Fighting
  1828 | D:3      | Reached XP level 5. HP: 36/48 MP: 4/4
  2158 | D:3      | Found a sacrificial altar of Ru.
  2434 | D:3      | Found an ornate altar of the Wu Jian Council.
  2481 | D:4      | Reached *** piety under Trog
  2579 | D:4      | Noticed an ice beast
  2589 | D:4      | Killed an ice beast
  2590 | D:4      | Reached XP level 6. HP: 56/56 MP: 5/5
  2763 | D:4      | Noticed Sigmund
  2787 | D:4      | Killed Sigmund
  2788 | D:4      | Reached skill level 5 in Armour
  2788 | D:4      | Reached XP level 7. HP: 17/62 MP: 6/6
  3143 | D:4      | Found a staircase to the Ecumenical Temple.
  3332 | D:5      | Entered Level 5 of the Dungeon
  3657 | D:5      | Reached XP level 8. HP: 71/71 MP: 7/7
  4114 | D:5      | Found an ancient bone altar of Kikubaaqudgha.
  4121 | D:5      | Found a shimmering altar of Xom.
  4122 | D:5      | Found a hazy altar of Hepliaklqana.
  5062 | D:6      | Reached skill level 10 in Axes
  5080 | D:6      | Noticed Grinder
  5089 | D:6      | Reached XP level 9. HP: 79/79 MP: 8/8
  5099 | D:6      | Paralysed by Grinder for 5 turns
  5108 | D:6      | Paralysed by Grinder for 5 turns
  5114 | D:6      | Killed Grinder
  5591 | D:7      | Reached **** piety under Trog
  5772 | D:7      | Identified the +0 trident "Icaul" {venom, rC+}
  5888 | D:7      | Found a broken altar of Ashenzari.
  6473 | D:8      | Reached skill level 10 in Armour
  6786 | D:8      | Found an opulent altar of Gozag.
  6789 | D:8      | Found Gozag's Platinum Reserve.
  7519 | D:9      | Reached XP level 10. HP: 90/90 MP: 9/9
  7733 | D:9      | Noticed Erolcha
  7744 | D:9      | Killed Erolcha
  7855 | D:9      | Noticed a death yak
  7855 | D:9      | Noticed a death yak
  7866 | D:9      | Noticed a death yak
  7874 | D:9      | Killed a death yak
  7886 | D:9      | Killed a death yak
  7895 | D:9      | Killed a death yak
  7932 | D:9      | Found a staircase to the Lair.
  8025 | D:9      | Found a burning altar of Makhleb.
  8103 | D:9      | Found a glowing silver altar of Zin.
  8304 | D:9      | Reached XP level 11. HP: 60/99 MP: 10/10
  8744 | D:10     | Entered Level 10 of the Dungeon
  8956 | D:10     | Reached skill level 10 in Fighting
  9295 | D:10     | Found Xull's General Store.
  9462 | D:10     | Bought a potion of haste for 120 gold pieces
  9462 | D:10     | Bought a potion of might for 48 gold pieces
  9864 | D:10     | Found a bloodstained altar of Trog.
 10505 | D:11     | Noticed a two-headed ogre
 10514 | D:11     | Killed a two-headed ogre
 10788 | D:11     | You are sucked into a shaft and drop 3 floors!
 10801 | D:14     | Found a frozen archway.
 10854 | D:13     | Noticed a boulder beetle
 10856 | D:13     | Found a gate to the Vaults.
 10856 | D:13     | Noticed a vault guard
 10856 | D:13     | Noticed a vault guard
 10856 | D:13     | Noticed a vault guard
 10856 | D:13     | Noticed a vault guard
 10856 | D:13     | Noticed a vault guard
 10856 | D:13     | Noticed a vault guard
 10856 | D:13     | Noticed a vault guard
 10865 | D:14     | Noticed a sixfirhy
 10865 | D:14     | Slain by a boulder beetle

Illustrated notes

Levels and vault maps discovered:
D:1:      onia_arrival_mini_maze, layout_basic
D:2:      layout_rooms, serial_shops, shop, nicolae_shop_back_alley_shop, shop,
          hangedman_decor_clover_reticule, amcnicky_mini_rare_corridor_liquid,
          serial_park_tiny_pond, minmay_misc_feat_square
D:3:      kennysheep_big_flooded_room, layout_loops_ring, hangedman_ru_absence,
          nicolae_wu_jian_immortal_techniques, serial_glass, glass_columns_b,
          glass_columns_c
D:4:      layout_rooms, minmay_temple_entry_grid, uniq_sigmund
D:5:      layout_basic, grunt_temple_overflow_open, serial_curves,
          eino_curves_03, eino_curves_03, minmay_misc_feat_diagonals,
          minmay_checkerbox
D:6:      layout_rooms, uniq_grinder
D:7:      layout_loops_cross, mainiacjoe_overflow_24_doors
D:8:      layout_loops_corners, nicolae_gozag_zags_fifth_avenue, st_stairs_1
D:9:      layout_long_grid, zin_scriptorium, lightli_temple_of_fire,
          dpeg_lair_monsters, minmay_increasing_density, uniq_erolcha
D:10:     argonaut_augean_stables, layout_long_grid, trog_book, serial_shops,
          nicolae_shop_crystal
D:11:     layout_grid_maze, serial_shops, nicolae_shop_peninsula, uniq_harold
D:13:     minmay_spotlight, layout_rooms, erik_vaults_2, uniq_urug
D:14:     layout_roguey [special_room_orc],
          portal_ice_cave_entry_ice_statue_two, serial_park_square3
          [serial_park_minivault_5x5_1], minmay_orc_keep, uniq_roxanne

Skill      XL: |  1  2  3  4  5  6  7  8  9 10 11 |
---------------+----------------------------------+-----
Fighting       | 4 5 6 7 8 9 11 | 11.0
Axes           | 4 5 6 7 8 10 11 13 14 | 14.6
Armour         | 3 4 5 6 8 10 12 14 | 14.3
Dodging        | |  2.1

Action                     |  1- 3 |  4- 6 |  7- 9 | 10-12 || total
---------------------------+-------+-------+-------+-------++-------
  Melee: Hand axe          |    68 |   100 |   288 |   336 ||   792
         Headbutt          |     7 |    10 |    56 |    85 ||   158
         Punch             |       |       |       |     3 ||     3
 Invoke: Berserk           |       |     2 |     8 |     5 ||    15
         Trog's Hand       |       |       |     1 |     5 ||     6
    Use: Scroll            |       |    11 |    10 |     4 ||    25
 Armour: Leather armour    |    15 |     5 |       |       ||    20
         Scale mail        |       |    29 |     9 |       ||    38
         Chain mail        |       |       |   141 |   213 ||   354
  Dodge: Dodged            |    57 |    46 |   120 |   132 ||   355
